 Dungeon Crawl Stone Soup version 0.30.1-4-g462c640d31 (webtiles) character file.

Game seed: 13196097958663605226

1074 Redexial the Ducker (level 8, -3/64 HPs)
             Began as a Merfolk Monk on Sept 5, 2023.
             Was a Follower of Ashenzari.
             Slain by a scorpion (6 damage)
             ... on level 5 of the Dungeon.
             The game lasted 01:09:54 (6493 turns).

Redexial the Ducker (Merfolk Monk)                  Turns: 6493, Time: 01:09:54

Health: -3/64      AC:  5    Str: 14    XL:     8   Next: 29%
Magic:  8/8        EV: 16    Int:  9    God:    Ashenzari [*.....]
Gold:   219        SH:  4    Dex: 16    Spells: 7/7 levels left

rFire   x . .        e - +2 dagger of Ashenzari's Disgust {freeze, Cun, Alch} (curse)
rCold   + . .        d - orb "Moon of the Cosmic Sage" {light, Fort, Bglg} (curse)
rNeg    . . .        b - +0 robe
rPois   .            (no helmet)
rElec   .            (no cloak)
rCorr   .            (no gloves)
SInv    .            D - +2 pair of boots
Will    +....        (no amulet)
Stlth   +            s - ring of ice
HPRegen 0.30/turn    c - ring of willpower
MPRegen 0.11/turn

%: no passive effects
@: lethally poisoned (-3 -> -12), glowing
A: (nimble swimmer 2), mertail, large bone plates 1, noise suppression
a: Renounce Religion, Shatter the Chains


You were on level 5 of the Dungeon.
You worshipped Ashenzari.
Ashenzari was aware of your devotion.
You visited 1 branch of the dungeon, and saw 5 of its levels.

You collected 219 gold pieces.

Inventory:

Hand Weapons
 a - a +0 falchion
 e - the cursed +2 dagger of Ashenzari's Disgust (weapon) {freeze, Cun, Alch}
   (You found it on level 4 of the Dungeon)

   It has a curse which improves the following skills: Cunning: Dodging and
   Stealth.
   Alchemy:   Poison Magic and Transmutations.
 l - a +0 short sword
 o - a +0 sling
 q - a +0 short sword
Missiles
 p - 7 stones
 x - 2 throwing nets
Armour
 b - a +0 robe (worn)
 d - the cursed orb "Moon of the Cosmic Sage" (worn) {light, Fort, Bglg}

   It has a curse which improves the following skills: Fortitude: Armour and
   Shields.
   Beguiling: Conjurations, Hexes and Translocations.
 C - an orb of wrath
 D - a +2 pair of boots (worn)
Magical Staves
 u - a staff of earth
Jewellery
 c - a ring of willpower (right hand)
 s - a ring of ice (left hand)
Wands
 k - a wand of flame (20)
Scrolls
 f - a scroll of silence
 m - a scroll of teleportation
 n - 3 scrolls of magic mapping
 r - 4 scrolls of identify
 t - a scroll of fear
 y - a scroll of enchant armour
 z - a scroll of blinking
 A - 3 scrolls of noise
 E - a scroll of amnesia
Potions
 g - 2 potions of mutation
 h - a potion of degeneration (quivered)
 i - a potion of invisibility
 j - a potion of attraction
 v - a potion of flight
 w - 4 potions of curing


   Skills:
 + Level 5.7 Fighting
 + Level 4.5(5.8) Short Blades
 + Level 5.5(6.3) Long Blades
 + Level 4.5 Polearms
 + Level 0.3 Throwing
 + Level 7.1(8.0) Dodging
 + Level 1.6(2.2) Stealth
 + Level 1.7(2.3) Shields


You had 7 spell levels left.
You didn't know any spells.
Your spell library contained the following spells:

 Spells                   Type           Power      Damage    Failure   Level
 Volatile Blastmotes      Fire/Tloc      0%         2d10      77%         3
 Iskenderun's Mystic Bla  Conj/Tloc      0%         2d3       98%         4
 Fulminant Prism          Conj/Hex       0%         3d5       99%         4
 Lee's Rapid Deconstruct  Erth           0%         3d4*      100%        5


Dungeon Overview and Level Annotations

Branches:
Dungeon (5/15)             Temple (0/1) D:5

Altars:
Ashenzari
Sif Muna
Xom

Shops:
D:4 ?!*(

Annotations:
D:2 1 runed translucent door, Crazy Yiuf
D:4 Natasha, Pikel


Innate Abilities, Weirdness & Mutations

((You are very nimble when in or above water. (Stealth+, EV+, Speed+++)))
Your lower body shifts to a powerful aquatic tail in water.
You are partially covered in large bone plates. (SH +4)
You passively dampen the noise of your surroundings.


Message History

The adder completely misses you. The adder attacks as you move away!
You block the adder's attack. The adder closely misses you.
The adder attacks as you move away! The adder misses you.
The adder attacks as you move away! The adder bites you.
* * * LOW HITPOINT WARNING * * *
The scorpion attacks as you move away! You block the scorpion's attack.
The scorpion attacks as you move away!
The scorpion stings you but does no damage.
The adder attacks as you move away! The adder closely misses you.
The adder barely misses you.
You hit the adder. You freeze the adder.
The adder is moderately wounded.
The adder closely misses you.
You hit the adder.
The adder seems to slow down.
You freeze the adder.
You kill the adder!
You hit the scorpion but do no damage. You hit the scorpion.
You freeze the scorpion.
The scorpion is heavily wounded.
You block the scorpion's attack.
You hit the scorpion but do no damage.
The scorpion is heavily wounded.
The scorpion stings you.
* * * LOW HITPOINT WARNING * * *
You hit the scorpion but do no damage.
The scorpion is heavily wounded.
The scorpion stings you.
* * * LOW HITPOINT WARNING * * *
You are lethally poisoned!
The scorpion poisons you!
You hit the scorpion. You freeze the scorpion.
The scorpion is severely wounded.
* * * LOW HITPOINT WARNING * * *
You feel very sick. The scorpion misses you.
You hit the scorpion but do no damage.
The scorpion is severely wounded.
* * * LOW HITPOINT WARNING * * *
You feel sick. The scorpion stings you.
You die...

.....# ##...#######.#.# #..>.###
###### #......# #.#.# .......#
#....# #......# #.#.# .⌠.⌠.⌠.#
#....# #......# #.... .8.8.8.#
#....# ##......# ###.#
.......###....# #.......# #.#
####..........# #.......# #.#
####..........###.......#######.#
...............s@............>#.#
####........######......#####.#.#
#........## #....### #..#.#
#########....# #....# #..#.#
........#....# ###########..#.#
........#....# #......#.#
........#....# ##.###..#.#
........#....##########..###..#.#
........'.....................#.#


You could see a scorpion.

Vanquished Creatures
  Menkaure (D:3)
  A black bear (D:5)
  An ice beast (D:5)
  2 centaurs (D:5)
  A scorpion (D:5)
  4 hounds (D:5)
  A gnoll bouda (D:5)
  2 orc priests
  A jelly (D:5)
  2 orc wizards
  11 adders
  4 gnolls (D:5)
  An ufetubus (D:4)
  4 worms
  2 dart slugs (D:1)
  20 orcs
  5 ball pythons
  3 bats
  10 endoplasms
  2 giant cockroaches
  2 goblins
  6 hobgoblins
  8 jackals
  5 quokkas
  2 frilled lizards
  5 kobolds
  8 rats
114 creatures vanquished.

Notes
Turn   | Place    | Note
-------+----------+-------------------------------------------
     0 | D:1      | Redexial the Merfolk Monk began the quest for the Orb.
     0 | D:1      | Reached XP level 1. HP: 18/18 MP: 1/1
   157 | D:1      | Reached XP level 2. HP: 24/24 MP: 2/2
   361 | D:1      | Gained mutation: You passively dampen the noise of your
                  | surroundings. [potion of mutation]
   361 | D:1      | Gained mutation: You are partially covered in large bone
                  | plates. (SH +4) [potion of mutation]
   508 | D:1      | Reached XP level 3. HP: 30/30 MP: 3/3
  1365 | D:2      | Reached XP level 4. HP: 37/37 MP: 4/4
  1796 | D:2      | Found a runed translucent door.
  1797 | D:2      | Noticed Crazy Yiuf
  1907 | D:2      | Reached skill level 5 in Long Blades
  2564 | D:3      | Reached skill level 5 in Dodging
  2564 | D:3      | Reached XP level 5. HP: 37/42 MP: 5/5
  2650 | D:3      | Found a faded altar of an unknown god.
  2758 | D:3      | Prayed at the altar of an unknown god.
  2758 | D:3      | Became a worshipper of Ashenzari the Shackled
  3137 | D:3      | Found a shimmering blue altar of Sif Muna.
  3212 | D:3      | Reached * piety under Ashenzari
  3256 | D:4      | Noticed Menkaure
  3292 | D:4      | Reached skill level 1 in Polearms
  3468 | D:4      | Found Plog's Weapon Shop.
  3694 | D:4      | Reached skill level 1 in Stealth
  4081 | D:3      | Killed Menkaure
  4082 | D:3      | Reached skill level 1 in Shields
  4082 | D:3      | Reached XP level 6. HP: 13/49 MP: 6/6
  4285 | D:4      | Found Qooxoyry's General Store.
  4374 | D:4      | Identified the +1 leather armour "Hesifol" {rC+}
  4381 | D:4      | Found Misedd's Distillery.
  4382 | D:4      | Found Faecwyg's Magic Scroll Shoppe.
  4448 | D:4      | Noticed a steam dragon
  4676 | D:4      | Found a shimmering altar of Xom.
  4921 | D:5      | Entered Level 5 of the Dungeon
  5008 | D:5      | Noticed a black bear
  5037 | D:5      | Killed a black bear
  5038 | D:5      | Reached skill level 1 in Short Blades
  5038 | D:5      | Reached skill level 6 in Dodging
  5038 | D:5      | Reached XP level 7. HP: 24/55 MP: 7/7
  5200 | D:5      | Reached skill level 5 in Fighting
  5384 | D:5      | HP: 1/56 [gnoll bouda/+0 whip (2)]
  5867 | D:5      | Reached XP level 8. HP: 63/63 MP: 8/8
  6039 | D:5      | Found a staircase to the Ecumenical Temple.
  6261 | D:5      | Reached skill level 7 in Dodging
  6353 | D:5      | Identified the +3 robe of Idealism {Archmagi}
  6449 | D:4      | Noticed Natasha
  6449 | D:4      | Noticed Pikel
  6493 | D:5      | HP: 3/64 [poisoned by a scorpion]
  6493 | D:5      | Slain by a scorpion

Illustrated notes

Levels and vault maps discovered:
D:1:      tarquinn_simple_flora_water_c, layout_loops_ring
D:2:      layout_loops_corners, minmay_splitting_lines, uniq_crazy_yiuf_cottage
D:3:      layout_rooms, lemuel_blue_sif_altar,
          dreamdust_ecumenical_altar_angels_and_demons
D:4:      layout_rooms, overflow_temple_1_default, serial_shops, shop, shop,
          shop, nicolae_diamond_shop, hangedman_decor_slide_cut, uniq_menkaure,
          uniq_natasha, uniq_pikel
D:5:      layout_basic, minmay_temple_entry_drinking_statues, grunt_ministairs_9

Skill      XL: |  1  2  3  4  5  6  7  8 |
---------------+-------------------------+-----
Long Blades    | 4 5 |  5.5
Fighting       | 4 5 |  5.7
Dodging        | 5 6 7 |  7.1
Polearms       | 3 4 |  4.5
Stealth        | 1 |  1.6
Shields        | 1 |  1.7
Short Blades   | 1 3 4 |  4.5
Throwing       | |  0.3

Action                     |  1- 3 |  4- 6 |  7- 9 || total
---------------------------+-------+-------+-------++-------
  Melee: Falchion          |    83 |    55 |    12 ||   150
         Spear             |       |   206 |       ||   206
         Dagger            |       |    40 |   173 ||   213
   Fire: Sling             |     1 |       |       ||     1
  Throw: Dart              |       |     3 |       ||     3
 Invoke: Curse Item        |       |     2 |     1 ||     3
         Shatter the Chain |       |     1 |       ||     1
    Use: Potion            |     1 |     7 |       ||     8
         Scroll            |       |     2 |       ||     2
 Armour: Robe              |     5 |    61 |    37 ||   103
  Dodge: Dodged            |    56 |   193 |   164 ||   413
  Block: Orb               |     5 |    32 |    34 ||    71
